AoeStats
← KootH.

Highland

505555323Analyzed
4v4 RM · 23d ago on Sep 10, 2026· 33m 39s· 8 players
Game mode
Random Map
Map size
Large (8 player)
Population
200
Speed
Normal
Resources
Standard
Victory
Conquest
Starting age
Dark Age
Ending age
Imperial Age
RankedLock teamsTeams togetherTeam positionsShared explorationLock speedFull tech treeHidden civsTurbo modeCheats
Victory
Defeat
🇹🇼 Huns · Taiwan
1510
+10
🇭🇰 Hindustanis · Hong Kong SAR China
1460
+12
🇨🇴 Persians · Colombia
1424
+13
🇲🇽 Portuguese · Mexico
1412
+15
🇵🇪 Lithuanians · Peru
1399
-13
🇦🇷 Jurchens · Argentina
1375
-13
🇲🇽 Romans · Mexico
1357
-12
🇨🇴 Muisca · Colombia
1355
-12
中家不出马螺线升天
9:46 Feudal Age
11:00 Loom
13:10 Double-Bit Axe
16:25 Loom
24:01 Horse Collar
25:01 Wheelbarrow
29:50 Castle Age
28:32 Gold Mining
33:00 Stone Mining
33:46 Gold Shaft Mining
KootH.
6:38 Loom
8:41 Feudal Age
9:58 Double-Bit Axe
9:55 Horse Collar
15:47 Forging
18:10 Wheelbarrow
18:11 Scale Barding Armor
21:28 Castle Age
20:43 Bloodlines
22:17 Bow Saw
22:28 Husbandry
26:31 Town Watch
33:55 Chain Barding Armor
HK El Primo
9:32 Feudal Age
9:03 Loom
10:31 Horse Collar
15:21 Forging
20:07 Castle Age
18:43 Double-Bit Axe
19:27 Bloodlines
19:24 Scale Barding Armor
21:32 Iron Casting
23:44 Heavy Plow
25:18 Husbandry
27:32 Gold Mining
alumin
7:09 Loom
9:47 Feudal Age
10:23 Double-Bit Axe
18:21 Castle Age
16:48 Fletching
16:57 Gold Mining
19:07 Bodkin Arrow
21:43 Bow Saw
22:14 Husbandry
23:20 Wheelbarrow
23:56 Padded Archer Armor
24:34 Gold Shaft Mining
26:18 Horse Collar
27:34 Hand Cart
28:47 Leather Archer Armor
29:42 Bloodlines
29:57 Town Watch
31:23 Ballistics
35:03 Imperial Age
32:28 Stone Mining
MasteRk
10:22 Feudal Age
12:21 Loom
15:35 Castle Age
18:43 Scale Barding Armor
20:45 Forging
22:16 Bloodlines
22:29 Town Watch
23:46 Chain Barding Armor
26:30 Wheelbarrow
26:36 Gold Mining
28:16 Iron Casting
28:20 Husbandry
Manueska
8:17 Loom
10:26 Feudal Age
11:47 Wheelbarrow
11:03 Double-Bit Axe
19:31 Fletching
20:28 Horse Collar
23:12 Gold Mining
24:23 Padded Archer Armor
28:58 Castle Age
27:28 Stone Mining
29:38 Bodkin Arrow
29:04 Crossbowman
29:50 Thumb Ring
31:50 Ballistics
31:53 Leather Archer Armor
33:36 Bow Saw
34:27 Gold Shaft Mining
Blas de lezo
4:39 Loom
11:38 Feudal Age
12:52 Double-Bit Axe
13:05 Loom
15:44 Castle Age
16:57 Bow Saw
20:01 Bloodlines
20:53 Horse Collar
Kanon
7:20 Loom
9:24 Feudal Age
10:38 Man-at-Arms
13:20 Scale Mail Armor
19:22 Horse Collar
23:58 Forging
30:21 Castle Age
29:44 Wheelbarrow
30:22 Pikeman
31:21 Chain Mail Armor
Connection lost

Rejoining the realm…

Still unreachable

The connection could not be restored.

Session expired

The server has moved on; the page needs a fresh start.